 Dungeon Crawl Stone Soup version 0.30-a0-172-gc5509c9e31 (webtiles) character file.

Game seed: 4245818901026878226

27 blackman the Trooper (level 2, -6/23 HPs)
             Began as a Demigod Wanderer on Oct 2, 2022.
             Mangled by Sigmund
             ... wielding a +0 scythe
              (8 damage)
             ... on level 2 of the Dungeon.
             The game lasted 00:01:53 (1174 turns).

blackman the Trooper (Demigod Wanderer)             Turns: 1174, Time: 00:01:53

Health: -6/23      AC:  5    Str: 11 (14) XL:     2   Next: 72%
Magic:  4/4        EV: 12    Int: 10 (11) God:
Gold:   46         SH:  0    Dex: 14 (17) Spells: 1/1 levels left

rFire   . . .      SeeInvis .    a - +1 falchion (chaos)
rCold   . . .      Faith    .    (no shield)
rNeg    . . .      Spirit   .    b - +2 leather armour
rPois   .          Reflect  .    (no helmet)
rElec   .          Harm     .    (no cloak)
rCorr   .          Rampage  .    (no gloves)
Will    +....                    (no boots)
Stlth   ++........               (no amulet)
HPRegen 0.23/turn                (no ring)
MPRegen 0.09/turn                (no ring)

@: no status effects
A: high MP 1, forlorn, divine attributes, frail 1, strong-willed 1, strong 1,
sturdy frame 1
a: no special abilities


You were on level 2 of the Dungeon.
You visited 1 branch of the dungeon, and saw 2 of its levels.

You collected 46 gold pieces.

Inventory:

Hand Weapons
 a - a +1 falchion of chaos (weapon)
Armour
 b - a +2 leather armour (worn)
Scrolls
 d - a scroll of teleportation
 e - 5 scrolls of identify
 g - a scroll of amnesia
Potions
 c - 4 potions of curing
 j - a potion of flight


   Skills:
 - Level 3.6 Fighting
 + Level 2.7 Long Blades
 - Level 1.0 Armour
 - Level 1.7 Dodging
 - Level 1.7 Stealth


You had one spell level left.
You didn't know any spells.
Your spell library was empty.

Dungeon Overview and Level Annotations

Branches:
Dungeon (2/15)

Annotations:
D:2 Sigmund


Innate Abilities, Weirdness & Mutations

You have an increased reservoir of magic. (+10% MP)
You shall have no god before yourself.
Your divine heritage dramatically boosts your attributes as you level up.
You are frail. (-10% HP)
You are strong-willed. (Will+)
Your muscles are strong. (Str +4, Int/Dex -1)
Your movements are slightly less encumbered by armour. (ER -2)


Message History

As you read the scroll of identify, it crumbles to dust.
h - a scroll of brand weapon Your surroundings suddenly seem different.
As you read the scroll of brand weapon, it crumbles to dust.
Your +1 falchion erupts in a glittering mayhem of colour.
a - a +1 falchion of chaos (weapon)
There is a stone staircase leading down here.
You climb downwards.
Level annotation: Sigmund
There is a stone staircase leading up here.
Sigmund casts a spell at you.
The puff of flame hits you but does no damage.
You closely miss Sigmund. Sigmund hits you with a +0 scythe.
You hit Sigmund. You drain Sigmund.
Sigmund is moderately wounded.
Sigmund barely misses you.
You closely miss Sigmund.
Sigmund is moderately wounded.
You hit Sigmund. You burn Sigmund.
Sigmund is heavily wounded.
Sigmund gestures wildly while chanting.
Sigmund flickers and vanishes!
Deactivating autopickup; reactivate with Ctrl-A.
Something hits you but does no damage.
You miss something. You miss something. Something hits you.
You closely miss something. Something hits you but does no damage.
You closely miss something. Something barely misses you.
You closely miss something. You completely miss something. Something hits you!
You hit something but do no damage. Something hits you.
You hit something but do no damage.
You hear some strange, mumbled words.
A magic dart appears from out of thin air!
The magic dart hits you.
* * * LOW HITPOINT WARNING * * *
You completely miss something. Something hits you.
* * * LOW HITPOINT WARNING * * *
You hit something but do no damage. Something hits you!
You die...

#.....# #.# .... #.# ....
########.# ..g.
#.#........## ..#
............#######..#
#........[........#..####
###.#######<#####........
# #.@{g.....!####
#########.## .# #


You could see a hobgoblin.

Vanquished Creatures
  A ball python (D:1)
  4 endoplasms (D:1)
  2 giant cockroaches (D:1)
  2 hobgoblins (D:1)
  4 jackals (D:1)
  2 quokkas (D:1)
  2 bats (D:1)
  A frilled lizard (D:1)
  3 kobolds (D:1)
  2 rats (D:1)
23 creatures vanquished.

Notes
Turn   | Place    | Note
-------+----------+-------------------------------------------
     0 | D:1      | blackman the Demigod Wanderer began the quest for the Orb.
     0 | D:1      | blackman set off with the following items: a +1 falchion, a
                  | +2 leather armour, a potion of curing.
     0 | D:1      | Reached XP level 1. HP: 19/19 MP: 3/3
   239 | D:1      | Reached XP level 2. HP: 26/26 MP: 4/4
   767 | D:2      | Noticed Sigmund
   984 | D:1      | Gained mutation: Your muscles are strong. (Str +4, Int/Dex
                  | -1) [potion of mutation]
   984 | D:1      | Gained mutation: You are strong-willed. (Will+) [potion of
                  | mutation]
   984 | D:1      | Gained mutation: You are frail. (-10% HP) [potion of
                  | mutation]
   984 | D:1      | Gained mutation: Your movements are slightly less
                  | encumbered by armour. (ER -2) [potion of mutation]
  1174 | D:2      | Mangled by Sigmund

Illustrated notes

Levels and vault maps discovered:
D:1:      dpeg_arrival_rooms_with_view, layout_loops_ring,
          hellmonk_ecumenical_altar_leap_of_faith
D:2:      layout_loops_ring, serial_shops, shop, cheibrodos_gnoll_hut,
          uniq_sigmund

Skill      XL: |  1 |
---------------+----+-----
Long Blades    | 2 |  2.7
Fighting       | |  3.6
Armour         | |  1.0
Dodging        | |  1.7
Stealth        | |  1.7

Action                   || total
-------------------------++-------
Melee: Falchion          ||    75
       Punch             ||     1
  Use: Scroll            ||     4
       Potion            ||     3
 Stab: Sleeping          ||     2
Armor: Leather armour    ||    31
Dodge: Dodged            ||    42

Table legend: (Time is in decaauts)
 A = Elapsed time spent in this place.
 B = Non-inter-level travel time spent in this place.
 C = Inter-level travel time spent in this place.
 D = Time resting spent in this place.
 E = Time spent auto-exploring this place.
 F = Levels seen in this place.
 G = Mean time per level.
                   A        B        C        D        E       F      G
               +--------+--------+--------+--------+--------+-----+--------+
         Total |   1189 |   1121 |     68 |    334 |    597 |   2 |  594.5 |
       Dungeon |   1189 |   1121 |     68 |    334 |    597 |   2 |  594.5 |
               +--------+--------+--------+--------+--------+-----+--------+

Top non-repeatable levels by time:
     D:1: 1136 daAuts
     D:2: 53 daAuts
